 Dungeon Crawl Stone Soup version 0.28-a0-512-g960c72b710 (webtiles) character file.

Game seed: 13293006772349748204

7397 Lekart the Blocker (level 10, -5/77 HPs)
             Began as a Green Draconian Chaos Knight on Sept 22, 2021.
             Was a Plaything of Xom.
             Slain by a two-headed ogre (18 damage)
             ... on level 11 of the Dungeon.
             The game lasted 00:33:06 (13988 turns).

Lekart the Blocker (Green Draconian Chaos Knight)  Turns: 13988, Time: 00:33:07

Health: -5/77      AC:  8    Str: 17      XL:     10   Next: 92%
Magic:  0/14       EV: 15    Int: 16      God:    Xom [*.....]
Gold:   562        SH: 15    Dex: 10 (12) Spells: 15/15 levels left

rFire   + + .      SeeInvis .   i - +2 hand axe (flame)
rCold   . . .      Faith    .   o - +0 tower shield {rF+}
rNeg    . . .      Spirit   +   (armour unavailable)
rPois   +          Reflect  .   (helmet restricted)
rElec   .          Harm     .   k - scarf {repulsion}
rCorr   .          Rampage  .   y - +0 pair of gloves
Will    .....                   (no boots)
Stlth   +.........              c - amulet of guardian spirit
HPRegen 0.22/turn               e - ring of flight
MPRegen 0.14/turn               f - +4 ring of evasion

@: flying, repel missiles
A: breathe noxious fumes, AC +7, unfitting armour, poison resistance,
cold-blooded, antennae 1, stinger 2, agile 1, clever 1, fire resistance 1, frail
1, MP-powered wands
a: Breathe Noxious Fumes, Renounce Religion


You were on level 11 of the Dungeon.
You worshipped Xom.
You were a special plaything of Xom.
You visited 2 branches of the dungeon, and saw 13 of its levels.

You collected 886 gold pieces.
You spent 324 gold pieces at shops.

Inventory:

Hand Weapons
 a - a +0 falchion of chaos
 i - a +2 hand axe of flaming (weapon)
 B - a +2 falchion of holy wrath
Armour
 k - a scarf of repulsion (worn)
 o - a +0 tower shield of fire resistance (worn)
 p - a +1 cloak
 y - a +0 pair of gloves (worn)
Jewellery
 c - an amulet of guardian spirit (around neck)
 e - a ring of flight (left hand)
 f - a +4 ring of evasion (right hand)
 n - an amulet of the acrobat
 r - a ring of protection from cold
 s - a ring of wizardry
 t - the ring of Mukker {rPois rF- Str+3 Slay+2}
   (You took it off a gnoll on level 6 of the Dungeon)

   [ring of poison resistance]

   Str:       It affects your strength (+3).
   Slay:      It affects your accuracy & damage with ranged weapons and melee
   (+2).
   rF:        It makes you vulnerable to fire.
   rPois:     It protects you from poison.
Wands
 m - a wand of iceblast (2)
Scrolls
 d - 3 scrolls of amnesia
 h - 2 scrolls of teleportation
 j - a scroll of magic mapping
 u - 2 scrolls of identify
Potions
 b - a potion of might
 q - 2 potions of magic
 w - a potion of lignification
 x - a potion of attraction
 A - 2 potions of resistance


   Skills:
 + Level 7.2 Fighting
 + Level 5.5 Long Blades
 + Level 7.2 Axes
 + Level 7.3 Dodging
 * Level 9.7 Shields
 + Level 3.0 Spellcasting
 + Level 2.5 Evocations


You had 15 spell levels left.
You didn't know any spells.
Your spell library contained the following spells:

 Spells                   Type           Power      Damage    Failure   Level
 Foxfire                  Conj/Fire      8%         2x1d4     78%         1
 Conjure Flame            Conj/Fire      2%         6-21      98%         3
 Gell's Gravitas          Tloc           1%         N/A       98%         3
 Inner Flame              Hex/Fire       2%         N/A       98%         3
 Lesser Beckoning         Tloc           2%         N/A       98%         3
 Teleport Other           Tloc           2%         N/A       98%         3
 Flame Wave               Conj/Fire      2%         3d3       100%        4


Dungeon Overview and Level Annotations

Branches:
Dungeon (12/15)            Temple (1/1) D:6            Lair (0/6) D:11
    Orc: D:9-12

Altars:
Ashenzari
Cheibriados
Dithmenos
Elyvilon
Fedhas
Gozag
Hepliaklqana
Kikubaaqudgha
Makhleb
Okawaru
Qazlal
Ru
Trog
Uskayaw
Vehumet
Wu Jian
Xom
Yredelemnul
Zin
The Shining One

Shops:
D:5 ([*(   D:6 ?   D:9 [

Portals:
Trove: D:10 (give +3 gold dragon scales)

Annotations:
D:5 exclusion: downstairs
D:8 exclusion: downstairs


Innate Abilities, Weirdness & Mutations

You can breathe blasts of noxious fumes.
Your lurid green scales are hard. (AC +7)
You cannot fit into any form of body armour.
Your system is resistant to poisons. (rPois)
You are cold-blooded and may be slowed by cold attacks.
You have a pair of small antennae on your head.
Your tail ends in a sharp poisonous barb.
You are agile. (Dex +2)
Your mind is acute. (Int +2)
Your flesh is heat resistant. (rF+)
You are frail. (-10% HP)
You expend magic power (3 MP) to strengthen your wands.


Message History

The ufetubus misses you. x2; You block the ufetubus's attack. x2
The boulder beetle curls into a ball and begins rolling!
Your shield prevents you from hitting the ufetubus.
The ufetubus is moderately wounded.
You block the ufetubus's attack.
The ufetubus hits you but does no damage.
You block the ufetubus's attack. x2
The two-headed ogre hits you with a +0 giant club!!
You block the two-headed ogre's attack. "Burn, baby, burn!"
The fireball engulfs the ufetubus!!
The ufetubus is burned terribly!
The ufetubus dies!
The ufetubus degenerates into a cloud of primal chaos!
The fireball engulfs the two-headed ogre!
The boulder beetle closely misses you.
The boulder beetle stops rolling and uncurls.
The two-headed ogre closely misses you. You block the two-headed ogre's attack.
Things that are here:
32 arrows; a +0 shortbow; a +0 shortbow Xom titters.
You are confused.
The boulder beetle leaps!
You bump into the rock wall.
The two-headed ogre barely misses you.
The two-headed ogre hits you with a +0 giant spiked club!
You emit a cloud of colourful smoke!
Xom decides to shift things around a little.
The boulder beetle blinks!
Items here: ( ))).
Unknown command.
The two-headed ogre closely misses you.
The two-headed ogre hits you with a +0 giant spiked club.
The boulder beetle bites you!
* * * LOW HITPOINT WARNING * * *
You are too confused!
You're too confused to move!
You feel less confused. The boulder beetle closely misses you.
The two-headed ogre barely misses you.
The two-headed ogre hits you with a +0 giant spiked club!!
You die...
Xom guffaws!

########### #.........#
#.....()..#
#########.........#
......!...........#
..............[...#
..................#
.).......@........#
########§BO.......#
#§§........#
#§(........ ####
##°........ #...
#§§####### #... ##.#
#...
...###.############)..
...............5...'...


You could see a boulder beetle and a two-headed ogre.

Vanquished Creatures
  A deep elf zephyrmancer (D:8)
  A manticore (D:11)
  A hornet (D:10)
  A troll (D:10)
  A meliai zombie (D:11)
  Menkaure (D:5)
  A water moccasin (D:8)
  2 orc warriors
  A sky beast (D:5)
  An ice beast (D:6)
  2 black bears
  An ogre (D:7)
  A wolf (D:11)
  8 centaurs
  A phantom (D:5)
  2 kobold brigands
  6 bullfrogs
  2 wyvern zombies
  A gnoll sergeant (D:5)
  2 scorpions (D:5)
  A water moccasin skeleton (D:6)
  3 killer bees (D:9)
  A howler monkey (D:5)
  4 wights (D:6)
  4 hounds
  3 centaur zombies
  2 gnoll shamans
  2 bullfrog skeletons
  3 orc priests
  3 iguanas
  11 orc wizards
  A hound zombie (D:5)
  2 howler monkey zombies (D:9)
  16 gnolls
  7 adders
  2 shadow imps
  An adder skeleton (D:4)
  A dart slug (D:4)
  19 orcs
  8 endoplasms
  4 giant cockroaches
  3 goblins
  3 hobgoblins
  4 jackals (D:5)
  A quokka (D:4)
  7 ball pythons
  5 bats
  5 frilled lizards
  14 kobolds
  5 rats
182 creatures vanquished.

Vanquished Creatures (collateral kills)
  A two-headed ogre (D:11)
  A satyr (D:11)
  A troll (D:11)
  A black bear (D:7)
  3 wolves (D:11)
  2 centaurs (D:11)
  A scorpion (D:5)
  A wight (D:6)
  2 electric eels (D:11)
  A jelly (D:5)
  2 hounds (D:11)
  5 orcs
21 creatures vanquished.

Vanquished Creatures (others)
  An orc (D:4)
  A plant (D:8)
2 creatures vanquished.

Grand Total: 205 creatures vanquished

Notes
Turn   | Place    | Note
-------+----------+-------------------------------------------
     0 | D:1      | Lekart the Draconian Chaos Knight began the quest for the
                  | Orb.
     0 | D:1      | Reached XP level 1. HP: 19/19 MP: 1/1
     0 | D:1      | XOM: divination: magic mapping
   190 | D:1      | Reached XP level 2. HP: 20/27 MP: 2/2
  1163 | D:2      | Reached XP level 3. HP: 26/33 MP: 3/3
  1233 | D:2      | XOM: polymorph adder -> frilled lizard
  1393 | D:2      | You are sucked into a shaft and drop 2 floors!
  1433 | D:3      | Found a glowing silver altar of Zin.
  1591 | D:3      | XOM: 4-stop teleportation journey
  1951 | D:3      | Found an ornate altar of the Wu Jian Council.
  2129 | D:3      | XOM: summons 3 friendly demons
  2134 | D:3      | Reached XP level 4. HP: 38/40 MP: 3/5
  2146 | D:3      | Reached skill level 1 in Spellcasting
  2845 | D:4      | Found a stormy altar of Qazlal.
  3223 | D:4      | Reached XP level 5. HP: 45/46 MP: 6/6
  3240 | D:4      | Found a white marble altar of Elyvilon.
  3278 | D:4      | XOM: potion effect (heal wounds)
  3316 | D:4      | XOM: cleaving
  3372 | D:4      | HP: 1/47 [something (2)]
  3375 | D:4      | Reached XP level 6. HP: 1/53 MP: 0/8
  3496 | D:4      | XOM: 4-stop teleportation journey
  4334 | D:5      | Entered Level 5 of the Dungeon
  4339 | D:5      | Found a bloodstained altar of Trog.
  4442 | D:5      | Found a broken altar of Ashenzari.
  4453 | D:5      | Reached skill level 5 in Long Blades
  4493 | D:5      | XOM: god gift: scroll labelled GOGISH OFEOGODD {god gift}
  4565 | D:5      | Reached skill level 5 in Fighting
  4566 | D:5      | Found Puvighia's Weapon Emporium.
  4738 | D:5      | Noticed a sky beast
  4752 | D:5      | Killed a sky beast
  4753 | D:5      | Reached skill level 1 in Axes
  4753 | D:5      | Your scales start taking on a lurid green colour.
  4753 | D:5      | Reached XP level 7. HP: 44/61 MP: 6/10
  4753 | D:5      | Gained mutation: Your system is resistant to poisons.
                  | (rPois) [Green Draconian growth]
  4818 | D:5      | XOM: give mutations
  4818 | D:5      | Gained mutation: Your mind is acute. (Int +2) [Xom's grace]
  4818 | D:5      | Gained mutation: You expend magic power (3 MP) to
                  | strengthen your wands. [Xom's grace]
  4818 | D:5      | Gained mutation: You are agile. (Dex +2) [Xom's grace]
  4818 | D:5      | Gained mutation: You have a pair of small antennae on your
                  | head. [Xom's grace]
  4861 | D:5      | XOM: divination: detect items
  5172 | D:5      | Found a shimmering altar of Xom.
  5205 | D:5      | Found Jiqireak's Weapon Shoppe.
  5321 | D:5      | Found Xuafiamn's Armour Emporium.
  5391 | D:5      | XOM: divination: detect creatures
  5489 | D:5      | XOM: cast spell 'Summon Horrible Things'
  5683 | D:5      | Found Xocwaemm's General Store.
  5685 | D:5      | XOM: cloud trail
  5692 | D:5      | Bought a +0 tower shield of fire resistance for 126 gold
                  | pieces
  5692 | D:5      | Bought a wand of acid (5) for 198 gold pieces
  5692 | D:5      | XOM: give mutation
  5692 | D:5      | Gained mutation: Your tail ends in a poisonous barb. [Xom's
                  | grace]
  5771 | D:6      | XOM: enchant monster (good)
  5783 | D:5      | Reached skill level 1 in Shields
  5816 | D:5      | XOM: give mutations
  5816 | D:5      | Gained mutation: Your tail ends in a sharp poisonous barb.
                  | [Xom's grace]
  5816 | D:5      | Gained mutation: You have a pair of antennae on your head.
                  | [Xom's grace]
  5816 | D:5      | Gained mutation: Your mind is very acute. (Int +4) [Xom's
                  | grace]
  5816 | D:5      | Gained mutation: Your flesh is heat resistant. (rF+) [Xom's
                  | grace]
  5953 | D:6      | Noticed Menkaure
  5956 | D:5      | XOM: cast spell 'Leda's Liquefaction'
  6131 | D:6      | XOM: smoke on damage
  6138 | D:5      | Killed Menkaure
  6139 | D:5      | Reached XP level 8. HP: 34/69 MP: 6/12
  6490 | D:6      | XOM: silly message
  6495 | D:5      | Reached skill level 2 in Shields
  6499 | D:5      | XOM: potion effect (heal wounds)
  6812 | D:5      | XOM: divination: detect creatures
  7169 | D:6      | XOM: cast spell 'Summon Ice Beast'
  7170 | D:6      | Found a staircase to the Ecumenical Temple.
  7543 | D:6      | Reached skill level 3 in Shields
  7637 | D:6      | XOM: silly message
  7665 | D:6      | XOM: silly message
  7769 | D:6      | Reached skill level 5 in Dodging
  7863 | D:6      | XOM: 1-stop teleportation journey
  7867 | D:6      | XOM: potion effect (curing)
  7937 | D:7      | XOM: summons 3 friendly demons
  8010 | D:7      | XOM: 1-stop teleportation journey
  8074 | D:7      | XOM: 3-stop teleportation journey
  8083 | D:7      | Reached skill level 4 in Shields
  8205 | D:6      | Found Uckott Reemn's Magic Scroll Emporium.
  8227 | D:7      | XOM: 4-stop teleportation journey
  8413 | D:7      | XOM: 9-stop teleportation journey
  8749 | D:6      | Identified the ring of Mukker {rPois rF- Str+3 Slay+2}
  8752 | D:6      | XOM: chaos upgrade
  8861 | D:6      | XOM: confusion (+ monsters)
  8863 | D:6      | Reached XP level 9. HP: 75/75 MP: 13/13
  8865 | D:6      | Reached skill level 5 in Axes
  8867 | D:6      | XOM: summons 4 friendly demons
  8877 | D:6      | Reached skill level 5 in Shields
  8921 | D:6      | Reached skill level 1 in Evocations
  8929 | Temple   | Entered the Ecumenical Temple
  9069 | D:6      | XOM: smoke on damage
  9560 | D:7      | Found a burning altar of Makhleb.
  9592 | D:7      | XOM: noise
  9675 | D:7      | XOM: noise
  9866 | D:7      | XOM: silly message
 10087 | D:7      | XOM: stat loss: -1 Dex (11/12)
 10109 | D:7      | Reached skill level 6 in Shields
 10155 | D:7      | Found a hide-covered altar of Uskayaw.
 10253 | D:7      | XOM: give mutations
 10253 | D:7      | Lost mutation: You have a pair of antennae on your head.
                  | [Xom's mischief]
 10253 | D:7      | Gained mutation: You are frail. (-10% HP) [Xom's mischief]
 10253 | D:7      | Lost mutation: Your mind is very acute. (Int +4) [Xom's
                  | mischief]
 10542 | D:8      | XOM: chaos cloud
 10554 | D:8      | XOM: swap monsters
 10640 | D:9      | XOM: god gift: 35 gold pieces
 11187 | D:8      | Noticed a deep elf zephyrmancer
 11195 | D:8      | Killed a deep elf zephyrmancer
 11196 | D:8      | Reached skill level 7 in Shields
 11224 | D:8      | XOM: divination: detect creatures
 11371 | D:8      | XOM: noise
 11537 | D:9      | Found Lima's Antique Armour Emporium.
 11843 | D:9      | XOM: silly message
 11852 | D:9      | XOM: silly message
 11856 | D:9      | Reached XP level 10. HP: 57/75 MP: 10/14
 11865 | D:9      | XOM: divination: detect creatures
 12006 | D:9      | Found a shadowy altar of Dithmenos.
 12019 | D:9      | Noticed a cyan ugly thing
 12038 | D:9      | XOM: confuse monster(s)
 12041 | D:9      | XOM: potion effect (curing)
 12048 | D:9      | XOM: confusion
 12112 | D:9      | XOM: stat loss: -1 Str (16/17)
 12218 | D:10     | Entered Level 10 of the Dungeon
 12218 | D:10     | Found a portal to a secret trove of treasure.
 12227 | D:10     | XOM: noise
 12233 | D:10     | Noticed a boulder beetle
 12235 | D:10     | Noticed a gargoyle
 12353 | D:10     | XOM: confuse monster(s)
 12802 | D:10     | XOM: scenery: summon butterflies
 12831 | D:10     | XOM: potion effect (haste)
 12847 | D:11     | XOM: summons 2 friendly demons
 12853 | D:11     | Reached skill level 8 in Shields
 12854 | D:11     | Noticed a manticore
 12875 | D:11     | Killed a manticore
 12896 | D:11     | Noticed a two-headed ogre
 12914 | D:11     | Noticed a boulder beetle
 12920 | D:11     | XOM: potion effect (heal wounds)
 12927 | D:11     | Found a staircase to the Lair.
 12927 | D:11     | Noticed a two-headed ogre
 12930 | D:11     | HP: 2/77 [wolf (4)]
 12931 | D:11     | Noticed a boulder beetle
 13289 | D:11     | XOM: cast spell 'Summon Dragon'
 13310 | D:11     | Reached skill level 9 in Shields
 13330 | D:11     | Killed a two-headed ogre
 13595 | D:11     | Noticed a satyr
 13595 | D:11     | a boulder beetle changed into a satyr
 13595 | D:11     | XOM: polymorph boulder beetle -> satyr
 13615 | D:11     | XOM: summons 5 friendly demons
 13624 | D:11     | Killed a satyr
 13932 | D:11     | XOM: summons 6 hostile demons
 13943 | D:12     | Noticed a death knight
 13943 | D:12     | Noticed a skeletal warrior
 13980 | D:11     | XOM: destruction
 13981 | D:11     | XOM: confusion
 13982 | D:11     | XOM: smoke on damage
 13983 | D:11     | XOM: blink monster(s)
 13988 | D:11     | Slain by a two-headed ogre

Illustrated notes

Levels and vault maps discovered:
D:1:      lightli_arrival_quake, layout_basic
D:2:      layout_rooms, ebering_dispersal_statue_hall, minmay_pentomino_r2
D:3:      layout_basic, zin_treasury, mainiacjoe_overflow_24_doors
D:4:      layout_basic, amcnicky_altar_gilded, nicolae_elyvilon_peaceful_grove,
          minmay_unequal
D:5:      layout_loops_ring, mainiacjoe_overflow_alcove_2,
          evilmike_ruin_ashenzari, nicolae_overflow_crystal_walls, serial_shops,
          nicolae_lakefront_shop, shop, nicolae_lakefront_shop,
          nicolae_shop_behind_doors
D:6:      layout_cave_pools, temple_pool_b, serial_shops, nicolae_stop_n_shop_2,
          minmay_circle_x, uniq_menkaure
D:7:      layout_cave_pods, lemuel_tele_altar, lemuel_coloured_pillars_altar,
          minivault_19
D:8:      layout_rooms, grunt_ministairs_9, guppyfry_early_elven_hall
D:9:      layout_roguey, nicolae_dithmenos_the_darkroom,
          nemelex_spade_bored_becter, serial_shops, nicolae_shop_trees
D:10:     minmay_bloctagon_deflated, layout_cave_pools,
          nicolae_sif_muna_little_library, david_orc_1_choice, enter_trove_0,
          kennysheep_big_empty_room
D:11:     layout_basic, erik_lair_island, uniq_erica, uniq_sonja
D:12:     layout_roguey, gammafunk_ghost_necromancy, kiku_gazebo_garden_becter
Temple:   zaba_magenta_temple

Skill      XL: |  1  2  3  4  5  6  7  8  9 10 |
---------------+-------------------------------+-----
Fighting       | 4 5 6 7 |  7.2
Spellcasting   | 1 2 3 |  3.0
Long Blades    | 4 5 |  5.5
Dodging        | 3 4 5 6 7 |  7.3
Axes           | 1 3 4 6 7 |  7.2
Shields        | 1 4 7 9 |  9.7
Evocations     | 1 2 |  2.5

Action                   |  1- 3 |  4- 6 |  7- 9 | 10-12 || total
-------------------------+-------+-------+-------+-------++-------
Melee: Falchion          |   100 |   105 |       |       ||   205
       Tailslap          |    15 |    16 |    56 |    21 ||   108
       Hand axe          |       |    42 |   376 |    99 ||   517
 Abil: Breathe Noxious F |       |       |     7 |     6 ||    13
Evoke: Wand              |       |     2 |    11 |    22 ||    35
  Use: Potion            |       |     7 |     2 |     5 ||    14
       Scroll            |       |     8 |     7 |     6 ||    21
 Stab: Sleeping          |     1 |       |     1 |       ||     2
       Confused          |       |       |     1 |     1 ||     2
Armor: Skin              |    43 |    68 |   169 |    74 ||   354
Dodge: Dodged            |    76 |    90 |   284 |   161 ||   611
Block: Tower shield      |       |       |   339 |   185 ||   524

Table legend: (Time is in decaauts)
 A = Elapsed time spent in this place.
 B = Non-inter-level travel time spent in this place.
 C = Inter-level travel time spent in this place.
 D = Time resting spent in this place.
 E = Time spent auto-exploring this place.
 F = Levels seen in this place.
 G = Mean time per level.
                   A        B        C        D        E       F      G
               +--------+--------+--------+--------+--------+-----+--------+
         Total |  14203 |  13766 |    437 |   5086 |   5686 |  13 | 1092.5 |
       Dungeon |  14105 |  13668 |    437 |   5086 |   5612 |  12 | 1175.4 |
        Temple |     97 |     97 |      0 |      0 |     74 |   1 |   97.0 |
               +--------+--------+--------+--------+--------+-----+--------+

Top non-repeatable levels by time:
     D:5: 3151 daAuts
     D:7: 1627 daAuts
     D:4: 1499 daAuts
     D:6: 1226 daAuts
     D:3: 1214 daAuts
    D:11: 1141 daAuts
     D:1: 1126 daAuts
     D:8: 1068 daAuts
     D:9: 912 daAuts
    D:10: 630 daAuts
     D:2: 503 daAuts
  Temple: 97 daAuts
    D:12: 1 daAuts
